 Dungeon Crawl Stone Soup version 0.31.0-11-ge490571c62 (webtiles) character file.

Game seed: 6401955689349944091

214 Killerpretzel the Changeling (level 5, -2/35 HPs)
             Began as an Octopode Shapeshifter on Feb 10, 2024.
             Slain by an orc
             ... wielding a +0 hand axe
              (3 damage)
             ... on level 2 of the Dungeon.
             The game lasted 00:03:42 (2362 turns).

Killerpretzel the Changeling (OpSh)                 Turns: 2362, Time: 00:03:42

Health: -2/35      AC:  1    Str: 14    XL:     5   Next: 91%
Magic:  5/5        EV: 14    Int: 12    God:
Gold:   118        SH:  0    Dex: 13    Spells: 4/4 levels left

rFire   . .          .
                       - Unarmed
rCold   . . .        (no shield)
rNeg    . . .        (helmet currently unavailable)
rPois   .            (no amulet)
rElec   .            (no ring)
rCorr   .            (no ring)
SInv    .            (no ring)
Will    .....        (no ring)
Stlth   ++           (no ring)
HPRegen 0.25/turn    (no ring)
MPRegen 0.09/turn    (no ring)
                     (no ring)

%: no passive effects
@: beast-form
A: beast (slay +2), almost no armour, amphibious, 8 rings, camouflage 1,
gelatinous body 1, (nimble swimmer 1), tentacles
a: Begin Untransformation


You were on level 2 of the Dungeon.
You were a hulking beast.
You visited 1 branch of the dungeon, and saw 3 of its levels.

You collected 118 gold pieces.

Inventory:

Jewellery
 e - a ring of willpower
Talismans
 b - a beast talisman
 c - a flux talisman
Scrolls
 i - a scroll of fog {unknown}
 j - a scroll of identify
 k - a scroll of brand weapon {unknown}
Potions
 a - 3 potions of lignification
 d - 2 potions of ambrosia
 f - a potion of brilliance {unknown}
 g - 3 potions of curing
 h - a potion of enlightenment {unknown}
 l - a potion of mutation {unknown}


   Skills:
 + Level 2.5 Fighting
 + Level 3.1 Dodging
 + Level 3.8 Unarmed Combat
 * Level 4.4 Shapeshifting


You had 4 spell levels left.
You didn't know any spells.
Your spell library contained the following spells:

 Spells                   Type           Power      Damage    Failure   Level
 Freeze                   Ice            0%         1d3       32%         1
 Frozen Ramparts          Ice            0%         1d1       69%         3
 Hailstorm                Conj/Ice       0%         3d5       69%         3


Dungeon Overview and Level Annotations

Branches:
Dungeon (3/15)

Altars:

Annotations:
D:3 Ijyb


Innate Abilities, Weirdness & Mutations

You are a hulking beast.
Your limbs bulge with bestial killing power. (Slay +2)
You cannot wear most types of armour.
You are amphibious.
You can wear up to eight rings at the same time.
Your skin changes colour to match your surroundings (Stealth+).
Your rubbery body absorbs attacks. (AC +1, EV +1)
((You are camouflaged when in or above water. (Stealth+)))
You have tentacles for arms and can constrict up to eight enemies at once.


Message History

An orc comes into view. It is wielding a +0 club.
The orc misses you.
There is a stone staircase leading up here.
You barely miss the orc.
The orc shouts!
The endoplasm quivers.
Your grab misses the orc.
The orc throws a boomerang.
The boomerang closely misses you. The orc hits you with a +0 dagger.
You tentacle-slap the orc. You grab the orc. You squeeze the orc.
The orc is severely wounded.
You constrict the orc, but do no damage.
The orc closely misses you.
You tentacle-slap the orc but do no damage.
You squeeze the orc.
You kill the orc!
The orc priest invokes the aid of Beogh against you.
Beogh smites you!
The orc throws a boomerang.
The boomerang completely misses you.
You barely miss the endoplasm.
The orc priest calls down the wrath of Beogh upon you.
Beogh smites you!
* * * LOW HITPOINT WARNING * * *
The endoplasm freezes you.
You are frozen.
* * * LOW HITPOINT WARNING * * *
The endoplasm barely misses you. The orc hits you but does no damage.
The orc barely misses you.
You climb upwards.
There is a stone staircase leading down here.
You barely miss the orc. You grab the orc. You squeeze the orc.
The orc is heavily wounded.
You constrict the orc. The endoplasm misses you. The orc closely misses you.
The orc hits you but does no damage.
You tentacle-slap the orc.
You kill the orc!
The endoplasm freezes you.
You are frozen.
* * * LOW HITPOINT WARNING * * *
The orc hits you with a +0 hand axe.
You die...

#........# #.<#####.. ##
#..).....####)##..... .###
#..........##.##.##.. ...##
###.......#........... ##..#
##.........####........ ##.##
##.............#..#..... #..#
###........#.###......#...
####.###.........J.........###...
.........#.....)h.#.......## ####
.................o....#...# #...
####......#.......#...#.÷.####.##
## #..###......................##
.# ##.........................###
.# ######.........##...>......###
.# #.(...........................
)###.##...........##.............
.†...##....#...#..#..............


You could see an orc and an endoplasm.

Vanquished Creatures
  A scorpion (D:3)
  2 bombardier beetles (D:3)
  4 adders (D:2)
  3 dart slugs
  A ribbon worm (D:2)
  3 orcs
  5 ball pythons
  4 bats (D:1)
  3 endoplasms
  2 giant cockroaches
  3 hobgoblins
  2 jackals (D:2)
  3 quokkas
  3 frilled lizards (D:2)
  5 goblins
  5 kobolds
  2 rats
51 creatures vanquished.

Notes
Turn   | Place    | Note
-------+----------+-------------------------------------------
     0 | D:1      | Killerpretzel the Octopode Shapeshifter began the quest for
                  | the Orb.
     0 | D:1      | Reached XP level 1. HP: 13/13 MP: 1/1
    83 | D:1      | Reached XP level 2. HP: 15/18 MP: 2/2
   812 | D:2      | Reached XP level 3. HP: 23/23 MP: 3/3
   999 | D:2      | Reached XP level 4. HP: 18/29 MP: 4/4
  1675 | D:3      | Reached skill level 4 in Shapeshifting
  1675 | D:3      | Reached XP level 5. HP: 34/34 MP: 5/5
  1729 | D:3      | Noticed Ijyb
  2362 | D:2      | HP: 1/35 [frozen (2)]
  2362 | D:2      | Slain by an orc

Illustrated notes

Levels and vault maps discovered:
D:1:      roderic_crop_circles_arrival_small, layout_loops_ring
D:2:      layout_rooms, nicolae_elevator_lobby_asterisk
D:3:      layout_loops_corners, uniq_ijyb

Skill      XL: |  1  2  3  4  5 |
---------------+----------------+-----
Fighting       | 2 |  2.5
Shapeshifting  | 4 |  4.4
Dodging        | 3 |  3.1
Unarmed Combat | |  3.8

Action                     |  1- 3 |  4- 6 || total
---------------------------+-------+-------++-------
  Melee: Unarmed           |    57 |    44 ||   101
         Constrict         |    16 |    14 ||    30
         Tentacles         |    11 |     9 ||    20
         Punch             |     1 |     2 ||     3
    Use: Scroll            |     1 |     3 ||     4
   Stab: Sleeping          |     6 |     2 ||     8
 Armour: Skin              |    29 |    16 ||    45
  Dodge: Dodged            |    47 |    25 ||    72
